 Dungeon Crawl Stone Soup version 0.28.0-45-g0d030f2227 (webtiles) character file.

Game seed: 4752968894076774108

465 Mitsuki the Conjurer (level 6, 0/32 HPs)
             Began as a Deep Elf Conjurer on Apr 4, 2022.
             Shot with an arrow by a centaur (7 damage)
             ... on level 5 of the Dungeon.
             The game lasted 00:10:36 (5061 turns).

Mitsuki the Conjurer (Deep Elf Conjurer)            Turns: 5061, Time: 00:10:36

Health: 0/32       AC:  4    Str:  4    XL:     6   Next: 80%
Magic:  14/16      EV: 12    Int: 25    God:
Gold:   209        SH:  0    Dex: 13    Spells: 9/16 levels left

rFire   . . .      SeeInvis .   b - +1 dagger
rCold   . . .      Faith    .   (no shield)
rNeg    . . .      Spirit   .   a - +0 robe
rPois   .          Reflect  .   (no helmet)
rElec   .          Harm     .   (no cloak)
rCorr   +          Rampage  .   o - +0 pair of gloves
Will    .....                   g - +0 pair of boots
Stlth   +.........              (no amulet)
HPRegen 0.10/turn               j - ring of resist corrosion
MPRegen 0.15/turn               (no ring)

@: very slow
A: no striking features
a: no special abilities


You were on level 5 of the Dungeon.
You visited 1 branch of the dungeon, and saw 5 of its levels.
You also visited: Sewer.

You collected 209 gold pieces.

Inventory:

Hand Weapons
 b - a +1 dagger (weapon)
Armour
 a - a +0 robe (worn)
 g - a +0 pair of boots (worn)
 o - a +0 pair of gloves (worn)
Magical Staves
 k - a staff of fire
Jewellery
 j - a ring of resist corrosion (left hand)
Scrolls
 c - a scroll of identify
Potions
 d - a potion of ambrosia {unknown}
 e - 3 potions of brilliance
 f - a potion of magic {unknown}
 h - a potion of flight
 i - a potion of heal wounds {unknown}
 l - 2 potions of cancellation {unknown}
 m - a potion of lignification {unknown}
 n - 3 potions of haste {unknown}


   Skills:
 - Level 2.4 Dodging
 - Level 2.4 Stealth
 + Level 5.6 Spellcasting
 * Level 7.0 Conjurations
 * Level 3.5 Fire Magic


You had 9 spell levels left.
You knew the following spells:

 Your Spells              Type           Power      Damage    Failure   Level
a - Magic Dart            Conj           100%       1d8       1%          1
b - Searing Ray           Conj           84%        2d7       1%          2
c - Iskenderun's Mystic   Conj/Tloc      24%        2d7       19%         4

Your spell library contained the following spells:

 Spells                   Type           Power      Damage    Failure   Level
 Dazzling Flash           Conj/Hex       48%        N/A       5%          3
 Beastly Appendage        Tmut           14%        N/A       8%          1
 Freeze                   Ice            28%        1d5       8%          1
 Mephitic Cloud           Conj/Pois/Air  18%        N/A       9%          3
 Call Imp                 Summ           7%         N/A       12%         2
 Wereblood                Tmut           7%         N/A       12%         2
 Fulminant Prism          Conj/Hex       12%        3d9       19%         4
 Hailstorm                Conj/Ice       24%        3d7       19%         4
 Frozen Ramparts          Ice            14%        1d3       24%         3
 Spider Form              Tmut/Pois      7%         N/A       24%         3
 Tukima's Dance           Hex            7%         N/A       24%         3
 Passage of Golubria      Tloc           7%         N/A       61%         4
 Freezing Cloud           Conj/Ice/Air   9%         6-21      63%         5
 Alistair's Intoxication  Tmut/Pois      4%         N/A       91%         5
 Borgnjor's Vile Clutch   Necr/Erth      3%         N/A       91%         5
 Yara's Violent Unravell  Hex/Tmut       3%         3d4       91%         5
 Eringya's Noxious Bog    Tmut/Pois      3%         N/A       100%        6
 Simulacrum               Ice/Necr       3%         N/A       100%        6
 Polar Vortex             Ice            3%         N/A       100%        9


Dungeon Overview and Level Annotations

Branches:
Dungeon (5/15)              Sewer (visited)
 Temple: D:4-7

Altars:
Elyvilon
Yredelemnul

Annotations:
D:5 Eustachio


Message History

The water moccasin skeleton is moderately damaged. (Press . to maintain the ray.)
The water moccasin skeleton barely misses you.
You now have 14/16 mp.
The searing ray hits the water moccasin skeleton!
The water moccasin skeleton is almost destroyed.
The water moccasin skeleton misses you.
You now have 13/16 mp.
The searing ray hits the water moccasin skeleton!
You destroy the water moccasin skeleton!
Your Conjurations skill increases to level 7!
You now have 12/16 mp.
Magic restored.
A centaur is nearby!
You regained 3 hp, and now have 31/32 hp.
MP restored: 16
Casting: Searing Ray (safe; 1% risk of failure)
Confirm with . or Enter, or press ? or * to list all spells.
You can't see any susceptible monsters within range! (Use Z to cast anyway.) Unknown command.
You enter the shallow water.
Moving in this stuff is going to be slow.
The centaur shouts!
The centaur shoots an arrow.
The arrow hits you.
The centaur shoots an arrow.
The arrow closely misses you.
You take 4 damage, and have 27/32 hp.
The centaur shoots an arrow.
The arrow hits you.
The centaur shoots an arrow.
The arrow hits you!
* * * LOW HITPOINT WARNING * * *
You take 20 damage, and have 7/32 hp.
MASSIVE DAMAGE!!
Casting: Searing Ray (safe; 1% risk of failure)
Confirm with . or Enter, or press ? or * to list all spells.
Aiming: Searing Ray (safe; 1% risk of failure)
Press: ? - help, Shift-Dir - straight line, f - centaur
Aim: a centaur, wielding a +0 shortbow and quivering arrows (89% to hit)
The searing ray hits the centaur.
The centaur is lightly wounded. (Press . to maintain the ray.)
The centaur shoots an arrow.
The arrow hits you!
You die...

. ... ..... .. ..#
..... ...
###.##.....
...##..........
.........Z..... #.
#....$.....
#...##....#.####
#.....<#.##########
+.....##.≈c≈≈≈@≈.≈#
#..... ############
#..... ###.....
....#... ...#.#) ..
.... .......
.......


You could see a centaur.

Vanquished Creatures
  A phantom (D:4)
  2 water moccasin skeletons
  3 jellies (Sewer)
  An orc wizard (D:4)
  Natasha (D:2)
  A hound skeleton (D:4)
  3 adders
  2 river rats (Sewer)
  An ufetubus (D:4)
  2 adder skeletons (D:4)
  3 worms
  6 orcs
  11 ball pythons
  4 bats (D:2)
  11 endoplasms
  6 giant cockroaches
  4 goblins
  2 hobgoblins (D:1)
  5 quokkas
  5 frilled lizards
  6 kobolds
  6 rats
86 creatures vanquished.

Vanquished Creatures (others)
  11 plants (D:2)
11 creatures vanquished.

Grand Total: 97 creatures vanquished

Notes
Turn   | Place    | Note
-------+----------+-------------------------------------------
     0 | D:1      | Mitsuki the Deep Elf Conjurer began the quest for the Orb.
     0 | D:1      | Reached XP level 1. HP: 10/10 MP: 6/6
   698 | D:1      | Reached XP level 2. HP: 15/15 MP: 5/8
  1380 | D:2      | Noticed Natasha
  1384 | D:2      | Killed Natasha
  1385 | D:2      | Reached skill level 5 in Conjurations
  1385 | D:2      | Reached XP level 3. HP: 19/19 MP: 5/10
  1716 | D:2      | Learned a level 2 spell: Searing Ray
  2146 | D:2      | Reached XP level 4. HP: 24/24 MP: 9/12
  2544 | D:3      | Learned a level 4 spell: Iskenderun's Mystic Blast
  3117 | D:4      | Noticed a phantom
  3279 | D:4      | Reached skill level 6 in Conjurations
  3408 | D:4      | Reached XP level 5. HP: 28/28 MP: 10/14
  3463 | D:4      | Found a basalt altar of Yredelemnul.
  3551 | D:4      | Killed a phantom
  3552 | D:4      | Reached skill level 5 in Spellcasting
  3733 | D:4      | Found a white marble altar of Elyvilon.
  3893 | D:5      | Entered Level 5 of the Dungeon
  4009 | D:5      | Noticed Eustachio
  4009 | D:5      | Noticed a centaur
  4269 | D:5      | Found a glowing drain.
  4275 | D:5      | Reached XP level 6. HP: 29/32 MP: 11/15
  4280 | Sewer    | Entered a sewer
  4898 | Sewer    | Found a viscous altar of Jiyva.
  5034 | D:5      | Reached skill level 7 in Conjurations
  5061 | D:5      | Shot with an arrow by a centaur

Illustrated notes

Levels and vault maps discovered:
D:1:      onia_arrival_mini_spirals, layout_basic
D:2:      layout_basic, serial_forest, infiniplex_forest_clump_small,
          infiniplex_forest_clump_tiny, infiniplex_forest_clump_tiny,
          infiniplex_forest_end_3, infiniplex_forest_clump_diagonal,
          infiniplex_forest_clump_diagonal, uniq_natasha
D:3:      layout_rooms
D:4:      layout_basic, kennysheep_ying_yang
D:5:      layout_rooms, minmay_temple_entry_glassed_door, portal_sewer_entry_d,
          uniq_eustachio, uniq_sigmund

Skill      XL: |  1  2  3  4  5  6 |
---------------+-------------------+-----
Conjurations   | 5 6 7 |  7.0
Spellcasting   | 4 5 |  5.6
Fire Magic     | 2 3 |  3.5
Dodging        | |  2.4
Stealth        | |  2.4

Action                   |  1- 3 |  4- 6 || total
-------------------------+-------+-------++-------
Melee: Dagger            |     4 |    51 ||    55
       Punch             |       |     2 ||     2
 Cast: Magic Dart        |    63 |   112 ||   175
       Searing Ray       |       |     9 ||     9
  Use: Scroll            |       |     5 ||     5
Armor: Robe              |     1 |     4 ||     5
Dodge: Dodged            |       |    13 ||    13
